[Event "*** SCC Grand Prix: Titled Tuesday Blitz"]
[Site "Chess.com"]
[Date "2020.07.07"]
[Round "4"]
[White "Karina_Ivanova"]
[Black "Usurpov"]
[Result "1-0"]
[WhiteElo "2230"]
[BlackElo "2395"]
[TimeControl "180+1"]
[EndTime "10:37:42 PDT"]
[Termination "Karina_Ivanova won by resignation"]

1. d4 Nf6 2. c4 g6 3. Nf3 Bg7 4. g3 O-O 5. Bg2 d5 6. O-O dxc4 7. Na3 Nc6 8. Nxc4 Be6 9. b3 Bd5 10. Bb2 a5 11. a4 Nb4 12. Rc1 c6 13. Nfd2 b5 14.
axb5 cxb5 15. Ne5 Bxg2 16. Kxg2 Qb6 17. e4 Rfd8 18. Qe2 Nd7 19. Nxd7 Rxd7 20. Nf3 a4 21. bxa4 Rxa4 22. Ra1 e6 23. Rxa4 bxa4 24. Ra1 Qc6 25. d5 exd5 26. Bxg7 Kxg7 27. Qb2+ Qf6 28. e5 1-0

[Event "*** SCC Grand Prix: Titled Tuesday Blitz"]
[Site "Chess.com"]
[Date "2020.07.07"]
[Round "4"]
[White "Roman_Ovetchkin"]
[Black "tk22h"]
[Result "1-0"]
[WhiteElo "2581"]
[BlackElo "2285"]
[TimeControl "180+1"]
[EndTime "10:37:48 PDT"]
[Termination "Roman_Ovetchkin won by resignation"]

1. d4 Nf6 2. c4 g6 3. Nc3 d5 4. cxd5 Nxd5 5. e4 Nxc3 6. bxc3 Bg7 7. Bc4 O-O 8. Ne2 c5 9. Be3 Nc6 10. h4 h5 11. O-O e6 12. Bg5 Qb6 13. Rb1 Qc7 14.
Rc1 b6 15. e5 Bb7 16. Qd2 Ne7 17. Bh6 Nf5 18. Bxg7 Kxg7 19. Qf4 Qe7 20. g3 Rad8 21. Bd3 Qd7 22. Bxf5 exf5 23. Qg5 Qd5 24. f3 Ba6 25.
Nf4 Qc6 26. d5 Rxd5 27. Nxh5+ Kh7 28. Nf6+ Kg7 29. Nxd5 Qxd5 30. Qf6+ Kg8 31. Rf2 Bc4 32. h5 Qe6 33. Qxe6 Bxe6 34. hxg6 fxg6 35. Rd1 Kf7 36. a3 Rc8 37. Rh2 Kg7 38. Rd6 Re8 39. Kf2 g5 40. f4 g4 41. Ke3 Re7 42. Rh5 Re8 43. Rd1 Re7 44. Rdh1 Kg8 45. Rh8+ Kf7 46. R1h7+ 1-0

[Event "*** SCC Grand Prix: Titled Tuesday Blitz"]
[Site "Chess.com"]
[Date "2020.07.07"]
[Round "4"]
[White "Gennady_Kozlov"]
[Black "A-Fier"]
[Result "0-1"]
[WhiteElo "2529"]
[BlackElo "2769"]
[TimeControl "180+1"]
[EndTime "10:37:51 PDT"]
[Termination "A-Fier won by resignation"]

1. b3 e5 2. Bb2 d6 3. e3 g6 4. f4 Bg7 5. Nf3 Nc6 6. Bb5 Ne7 7. fxe5 O-O 8. O-O dxe5 9. Nc3 h6 10. Rb1 f5 11. Kh1 Kh7 12. Ne2 Be6 13. d4 a6 14. Bc4 Bxc4 15. bxc4 e4 16. Nd2 Qd7 17. Ba3 Rf7 18. Nf4 b6 19. Qe1 g5 20. Nh5 Ng6 21. Nxg7 Kxg7 22. d5 Nce5 23. Bb2 Kh7 24. Bxe5 Nxe5 25. Qg3 Re8 26. h3 Ng6 27.
Rbe1 Qe7 28. Nb3 Qb4 29. Nd4 Qxc4 30. Nxf5 Ref8 31. Qg4 Ne5 32. Qh5 Rxf5 33. Rxf5 Rxf5 34. Qe8 Qxd5 0-1

[Event "*** SCC Grand Prix: Titled Tuesday Blitz"]
[Site "Chess.com"]
[Date "2020.07.07"]
[Round "4"]
[White "12teen"]
[Black "Brave_spirit12"]
[Result "0-1"]
[WhiteElo "2622"]
[BlackElo "2452"]
[TimeControl "180+1"]
[EndTime "10:37:52 PDT"]
[Termination "Brave_spirit12 won by resignation"]

1. g3 f5 2. Bg2 Nf6 3. d3 g6 4.
Nc3 Bg7 5. e4 O-O 6. f4 d6 7.
Nf3 Nc6 8. Be3 e5 9. Qd2 a6 10.
O-O-O b5 11. exf5 Bxf5 12. Nxe5 dxe5 13. Bxc6 exf4 14. Bc5 b4 15. Bxb4 Rb8 16. Bxf8 Qxf8 17. Ba4 f3 18. Bb3+ Kh8 19. h3 Bh6 20. g4 Bxd2+ 21.
Rxd2 Bd7 22. Rf2 Bc6 23. d4 Qd6 24. Rd1 Qf4+ 25. Rdd2 Ne4 26. Nxe4 Bxe4 27. d5 Qe3 28. c3 Rxb3 0-1

[Event "*** SCC Grand Prix: Titled Tuesday Blitz"]
[Site "Chess.com"]
[Date "2020.07.07"]
[Round "4"]
[White "JiiHart"]
[Black "gagtemp"]
[Result "1/2-1/2"]
[WhiteElo "2130"]
[BlackElo "1883"]
[TimeControl "180+1"]
[EndTime "10:37:53 PDT"]
[Termination "Game drawn by repetition"]

1. e4 d5 2. exd5 Qxd5 3. Nc3 Qd6 4. d4 Nf6 5. Bc4 a6 6. a3 Qc6 7. Bf1 e6 8. Nf3 b5 9. Bd3 Bd6 10. O-O O-O 11. Re1 Qb6 12. b4 Bb7 13. Be3 Nd5 14. Nxd5 Bxd5 15. Bxh7+ Kxh7 16. Ng5+ Kg6 17. Qg4 Kf6 18.
Qh4 Kg6 19. Qg4 Kf6 20. Qh4 Kg6 21. Qg4 1/2-1/2

[Event "*** SCC Grand Prix: Titled Tuesday Blitz"]
[Site "Chess.com"]
[Date "2020.07.07"]
[Round "4"]
[White "PauloFanha"]
[Black "Sharpchess22"]
[Result "0-1"]
[WhiteElo "1992"]
[BlackElo "2689"]
[TimeControl "180+1"]
[EndTime "10:37:54 PDT"]
[Termination "Sharpchess22 won by resignation"]

1. e4 c6 2. Bc4 d5 3. Bb3 dxe4 4. Qh5 g6 5. Qh4 Nf6 6. Nc3 Nbd7 7. Nxe4 Nxe4 8. Qxe4 Nc5 9. Qe3 Nxb3 10. axb3 Bg7 11.
Rxa7 Rxa7 12. Qxa7 O-O 13. Qe3 Bf5 14. d3 Qa5+ 15. Qd2 Qa1 16. Nf3 Bg4 17. O-O Bxf3 18. gxf3 e6 19. c3 Rd8 20. Qf4 Qa5 21. d4 e5 22. dxe5 Bxe5 23. Qh4 Re8 24. Bg5 Qd5 25. Bf6 Qxf3 26. Bxe5 Rxe5 27. Qd8+ Kg7 28. Qd4 f6 29. Qd7+ Kh6 30. Rd1 Rg5+ 31. Kf1 Qg2+ 32. Ke2 Re5+ 33. Kd3 Qxf2 34. Qh3+ Kg7 35. Qd7+ Kh6 36.
Qh3+ Rh5 37. Qe3+ Qxe3+ 38. Kxe3 Rxh2 39. Rd7 b5 40. Rd6 Rxb2 41. Rxf6 Rxb3 42. Rxc6 b4 43. Kd3 Rxc3+ 0-1

[Event "*** SCC Grand Prix: Titled Tuesday Blitz"]
[Site "Chess.com"]
[Date "2020.07.07"]
[Round "4"]
[White "Konavets"]
[Black "JonahWillow"]
[Result "1-0"]
[WhiteElo "2959"]
[BlackElo "2685"]
[TimeControl "180+1"]
[EndTime "10:37:57 PDT"]
[Termination "Konavets won by resignation"]

1. e4 c5 2. Nf3 Nc6 3. Bb5 g6 4. Bxc6 dxc6 5. d3 Bg7 6. Nc3 e5 7. Be3 b6 8. Qd2 h6 9. O-O Ne7 10.
h3 Be6 11. Nh2 g5 12. Ne2 O-O 13. Ng3 Qd7 14. Nh5 Bh8 15. f3 Ng6 16. Ng4 Bxg4 17. fxg4 Nf4 18. Ng3 Rad8 19. Nf5 Kh7 20. b3 Ne6 21.
Rf2 Nf4 22. Raf1 Qe6 23. Rf3 f6 24. g3 Ng6 25. h4 Bg7 26. Qh2 Kg8 27. hxg5 hxg5 28.
Nh6+ Bxh6 29. Qxh6 Nh8 30. Rxf6 Rxf6 31. Qxf6 1-0

[Event "*** SCC Grand Prix: Titled Tuesday Blitz"]
[Site "Chess.com"]
[Date "2020.07.07"]
[Round "4"]
[White "gumimis"]
[Black "TamirNabaty"]
[Result "0-1"]
[WhiteElo "2182"]
[BlackElo "2712"]
[TimeControl "180+1"]
[EndTime "10:37:57 PDT"]
[Termination "TamirNabaty won by resignation"]

1. e4 e5 2. Nf3 Nc6 3. Bb5 a6 4. Ba4 Nf6 5. O-O Bc5 6. c3 O-O 7. d4 Ba7 8. Re1 d6 9. h3 b5 10. Bb3 Bb7 11. d5 Ne7 12. Nbd2 c6 13. dxc6 Bxc6 14.
a4 Ng6 15. axb5 axb5 16. Ra6 Bxf2+ 17. Kxf2 Rxa6 18. Bc2 Qb6+ 19. Kf1 Nh5 20. Nd4 Ng3+ 21. Kf2 exd4 22. Kxg3 d5 23. e5 dxc3 24. bxc3 d4 25. Nf3 dxc3 26. Be3 Qc7 27. Bc5 Bxf3 28. Qxf3 Qxc5 29.
e6 Rxe6 30. Rf1 Re3 0-1

[Event "*** SCC Grand Prix: Titled Tuesday Blitz"]
[Site "Chess.com"]
[Date "2020.07.07"]
[Round "4"]
[White "dennisodessa"]
[Black "YellowJacek"]
[Result "1-0"]
[WhiteElo "2441"]
[BlackElo "2268"]
[TimeControl "180+1"]
[EndTime "10:37:57 PDT"]
[Termination "dennisodessa won by resignation"]

1. d4 d5 2. c4 c6 3. Nf3 Nf6 4. Nbd2 g6 5. e3 Bg7 6. Bd3 O-O 7. b3 Na6 8. Bb2 Nc7 9. O-O a6 10. Rc1 b5 11. cxd5 cxd5 12. Ne5 Bb7 13. Bc3 Ne6 14. Bb4 Rc8 15. Rxc8 Qxc8 16. Bxe7 Re8 17. Bb4 Nd7 18. Nxd7 Qxd7 19. Qb1 h5 20. Rc1 h4 21. h3 Ng5 22. Ba5 Rc8 23. Rxc8+ Qxc8 24. Qc2 Qe6 25. Qc7 Bc8 26. Qd8+ 1-0

[Event "*** SCC Grand Prix: Titled Tuesday Blitz"]
[Site "Chess.com"]
[Date "2020.07.07"]
[Round "4"]
[White "XiaoKangZhong"]
[Black "Vision_64"]
[Result "0-1"]
[WhiteElo "2395"]
[BlackElo "2207"]
[TimeControl "180+1"]
[EndTime "10:38:01 PDT"]
[Termination "Vision_64 won by resignation"]

1. e4 c5 2. c3 Nf6 3. e5 Nd5 4. d4 cxd4 5. Nf3 Nc6 6. cxd4 d6 7. Bc4 Nb6 8. Bb5 dxe5 9. Nxe5 Bd7 10. Nxd7 Qxd7 11.
Nc3 e6 12. O-O Be7 13. Qg4 O-O 14. Bxc6 Qxc6 15. Bh6 Bf6 16. Rad1 Kh8 17. Be3 Nd5 18.
Rc1 Qd7 19. Nxd5 Qxd5 20. b3 Rac8 21. Rc5 Rxc5 22. dxc5 Rd8 23. Qa4 a6 24. Qa5 h6 25.
h3 Qe4 26. Qb6 Rd3 27. b4 Be5 28. Bc1 Bd4 29. a4 Rg3 0-1

[Event "*** SCC Grand Prix: Titled Tuesday Blitz"]
[Site "Chess.com"]
[Date "2020.07.07"]
[Round "4"]
[White "Msb2"]
[Black "Witik"]
[Result "1-0"]
[WhiteElo "2861"]
[BlackElo "2654"]
[TimeControl "180+1"]
[EndTime "10:38:03 PDT"]
[Termination "Msb2 won by resignation"]

1. d4 Nf6 2. c4 g6 3. Nc3 Bg7 4.
e4 d6 5. Nf3 O-O 6. Be2 e5 7.
Be3 Ng4 8. Bg5 f6 9. Bh4 g5 10. Bg3 Nh6 11. dxe5 fxe5 12. h4 g4 13. Ng5 Nc6 14. c5 Nd4 15. Bc4+ Kh8 16. cxd6 Qxd6 17. O-O c6 18. Ne2 Qe7 19. Nxd4 exd4 20. a4 Bd7 21. Qd2 Be5 22. Ne6 Bxg3 23. Nxf8 Bh2+ 24. Kxh2 Qxh4+ 25. Kg1 Rxf8 26. Qxd4+ Rf6 27. Qxd7 g3 28. fxg3 1-0

[Event "*** SCC Grand Prix: Titled Tuesday Blitz"]
[Site "Chess.com"]
[Date "2020.07.07"]
[Round "4"]
[White "GuerrieroFromLevant"]
[Black "Koksik_13"]
[Result "1-0"]
[WhiteElo "2461"]
[BlackElo "2603"]
[TimeControl "180+1"]
[EndTime "10:38:03 PDT"]
[Termination "GuerrieroFromLevant won by resignation"]

1. e4 e6 2. d4 d5 3. Nd2 Nf6 4. e5 Nfd7 5. c3 c5 6. Bd3 Nc6 7.
Ne2 cxd4 8. cxd4 f6 9. exf6 Qxf6 10. Nf3 h6 11. O-O Bc5 12. dxc5 e5 13. Bb5 O-O 14. Qxd5+ Kh8 15. Ng3 Rd8 16. Ne4 Qg6 17. Nd6 Rf8 18. Bd3 Qh5 19. Be2 Nf6 20. Qd1 Bg4 21. Be3 e4 22. Nd4 Nxd4 23. Bxd4 Bxe2 24. Qb3 Bxf1 25. Rxf1 Ng4 26. h3 Ne5 27. Nxe4 Qg6 28. Ng3 Rae8 29. Qxb7 h5 30. Qd5 Nf3+ 31. gxf3 h4 32.
Qh5+ Qxh5 33. Nxh5 Rxf3 34. Nxg7 Re4 35. Ne6+ Kg8 36. Ng5 Rxd4 37. Nxf3 Rc4 38. b4 Rxb4 39. Rc1 Rb8 40. c6 Rb1 41. Rxb1 1-0

[Event "*** SCC Grand Prix: Titled Tuesday Blitz"]
[Site "Chess.com"]
[Date "2020.07.07"]
[Round "4"]
[White "Caterpiller35"]
[Black "luizwas"]
[Result "1-0"]
[WhiteElo "2366"]
[BlackElo "1818"]
[TimeControl "180+1"]
[EndTime "10:38:05 PDT"]
[Termination "Caterpiller35 won by resignation"]

1. e4 e6 2. d3 d5 3. Nd2 c5 4.
Ngf3 Nc6 5. g3 g6 6. Bg2 Bg7 7. O-O Nge7 8. Re1 O-O 9. h4 h5 10. c3 Rb8 11. e5 Qc7 12. Qe2 b6 13. Nf1 Bb7 14. Bf4 Nf5 15. Bh3 Bh6 16. Bxf5 Bxf4 17. gxf4 exf5 18. Ng3 d4 19. Ng5 Nd8 20. Nxf5 gxf5 21.
Qxh5 f6 22. exf6 Rxf6 23. Re8+ Rf8 24. Rxf8+ Kxf8 25. Qh8+ Ke7 26. Re1+ Kd6 27. Qf6+ Kd7 28. Re7+ Kc8 29. Qxf5+ 1-0

[Event "*** SCC Grand Prix: Titled Tuesday Blitz"]
[Site "Chess.com"]
[Date "2020.07.07"]
[Round "4"]
[White "FlamingPhoenix123"]
[Black "szefru"]
[Result "1-0"]
[WhiteElo "2399"]
[BlackElo "2135"]
[TimeControl "180+1"]
[EndTime "10:38:07 PDT"]
[Termination "FlamingPhoenix123 won by resignation"]

1. e4 e5 2. Nf3 Nc6 3. d4 exd4 4. Bc4 Nge7 5. Ng5 Ne5 6. Qxd4 Nxc4 7. Qxc4 d5 8. Qd3 dxe4 9. Qxd8+ Kxd8 10. Nxf7+ Ke8 11. Nxh8 g5 12. Bxg5 Bg7 13. Nc3 Bxh8 14. O-O Bf5 15. Rfe1 Kf7 16. Nxe4 Nd5 17. c3 a5 18. Rad1 c6 19. Nd6+ Kg6 20. Nxf5 Kxf5 21. Bh4 a4 22. a3 Nb6 23. Bg3 Nc4 24. Re2 Ra5 25. Rd7 Rb5 26.
Rxh7 Bf6 27. Rh5+ Kg6 28. Rxb5 cxb5 29. Bf4 Kf5 30. Bc1 Na5 31. f3 Nb3 32. Be3 Be7 33. g4+ Kg6 34. f4 Na5 35. f5+ Kf6 36. h4 Nc4 37.
Bg5+ 1-0

[Event "*** SCC Grand Prix: Titled Tuesday Blitz"]
[Site "Chess.com"]
[Date "2020.07.07"]
[Round "4"]
[White "AttilaTurzo"]
[Black "abykhovsky"]
[Result "0-1"]
[WhiteElo "2504"]
[BlackElo "2691"]
[TimeControl "180+1"]
[EndTime "10:38:11 PDT"]
[Termination "abykhovsky won by resignation"]

1. e4 c5 2. Nf3 d6 3. d4 cxd4 4. Nxd4 Nf6 5. Nc3 Nc6 6. Bg5 e6 7. Qd2 a6 8. O-O-O Nxd4 9. Qxd4 Be7 10. f4 b5 11. e5 dxe5 12. Qxe5 Qb6 13. Kb1 h6 14.
Bh4 O-O 15. Bd3 Bb7 16. Qe2 Rac8 17. Bf2 Qc7 18. Bg3 Qc6 19. Rhg1 b4 20. Be1 bxc3 21. Bxc3 Nd5 22. Bd2 Nb4 23. Bxb4 Bxb4 24. g4 Qb6 25. Ka1 Bc5 26. Rg3 Bd4 27. c3 Rxc3 28. g5 Rfc8 29. gxh6 Rc1+ 30. Rxc1 Rxc1+ 31. Bb1 Be4 32. Rb3 0-1

[Event "*** SCC Grand Prix: Titled Tuesday Blitz"]
[Site "Chess.com"]
[Date "2020.07.07"]
[Round "4"]
[White "Vaathi_Coming"]
[Black "GoltsevDmitry2000"]
[Result "1/2-1/2"]
[WhiteElo "2885"]
[BlackElo "2570"]
[TimeControl "180+1"]
[EndTime "10:38:17 PDT"]
[Termination "Game drawn by repetition"]

1. e4 c5 2. Nf3 e6 3. d4 cxd4 4. Nxd4 a6 5. Nc3 Qc7 6. g3 Nf6 7. Bg2 Bb4 8. O-O Nc6 9. Nxc6 bxc6 10. Re1 O-O 11. e5 Nd5 12. Bd2 Nxc3 13. Bxc3 Bxc3 14.
bxc3 a5 15. Qd4 Ba6 16. Red1 Rfd8 17. Rab1 Rab8 18. Qc5 Rxb1 19. Rxb1 Rb8 20. Rxb8+ Qxb8 21. h4 Qc7 22. Qe7 g6 23. f4 Qb6+ 24. Kh2 Qf2 25. Qxd7 Bf1 26. Qxc6 Qxc2 27. h5 gxh5 28. Kh3 Qf5+ 29.
Kh2 Qc2 30. Kh3 Qf5+ 31. Kh2 Qc2 1/2-1/2

[Event "*** SCC Grand Prix: Titled Tuesday Blitz"]
[Site "Chess.com"]
[Date "2020.07.07"]
[Round "4"]
[White "Keithonsky"]
[Black "marabu44"]
[Result "1-0"]
[WhiteElo "2426"]
[BlackElo "2242"]
[TimeControl "180+1"]
[EndTime "10:38:18 PDT"]
[Termination "Keithonsky won by resignation"]

1. d4 d6 2. c4 Nf6 3. Nc3 e5 4. d5 Na6 5. e4 Nc5 6. Bd3 a5 7. Bc2 Bd7 8. Nge2 g6 9. O-O Nh5 10. a3 Be7 11. Rb1 Bg5 12. b4 Bxc1 13. Qxc1 axb4 14. axb4 Na6 15. f3 Nb8 16. Qe3 O-O 17. c5 Qf6 18. Ra1 Na6 19. Rab1 Nf4 20. c6 bxc6 21.
dxc6 Be6 22. Rfd1 Rfb8 23. b5 Nc5 24. Nxf4 exf4 25. Qd4 Qxd4+ 26. Rxd4 Rb6 27. Rdb4 g5 28. Ne2 Ra2 29. R4b2 Rxb2 30. Rxb2 Bc4 31. Nc3 Kg7 32.
Rb4 Be6 33. Bd1 Kf6 34. Be2 Ke5 35. Kf2 f5 36. exf5 Bxf5 37. Na4 Nxa4 38. Rxa4 Kd5 39. Ra7 Kd4 40. Rxc7 Bd3 41. Rb7 1-0

[Event "*** SCC Grand Prix: Titled Tuesday Blitz"]
[Site "Chess.com"]
[Date "2020.07.07"]
[Round "4"]
[White "jacky72"]
[Black "KNCP_719"]
[Result "1-0"]
[WhiteElo "2643"]
[BlackElo "2473"]
[TimeControl "180+1"]
[EndTime "10:38:19 PDT"]
[Termination "jacky72 won by resignation"]

1. d4 Nf6 2. c4 b6 3. b3 Bb7 4. Bb2 g6 5. Nd2 Bg7 6. f3 d5 7. e3 O-O 8. Bd3 c5 9. Ne2 Nc6 10. dxc5 bxc5 11. O-O d4 12. exd4 cxd4 13. Ne4 e5 14.
Nc5 Bc8 15. Ng3 Qb6 16. Na4 Qc7 17. Re1 Re8 18. Ne4 Bf5 19. Nac5 a5 20. Nxf6+ Bxf6 21. Ne4 Bg7 22. Qd2 Rab8 23. Rac1 a4 24. bxa4 Qa7 25. Nd6 Bxd3 26. Nxe8 Bf5 27. Nxg7 Kxg7 28. Kh1 Qxa4 29. Ba1 Ra8 30. Re2 Nb4 31. Rxe5 Nd3 32. Bxd4 Nxe5 33. Bxe5+ f6 34. Bc3 Qxa2 35. Qd6 Ra6 36.
Bxf6+ Kg8 37. Qd8+ 1-0

[Event "*** SCC Grand Prix: Titled Tuesday Blitz"]
[Site "Chess.com"]
[Date "2020.07.07"]
[Round "4"]
[White "ElviraBerend"]
[Black "Kildepiotr"]
[Result "0-1"]
[WhiteElo "2427"]
[BlackElo "2610"]
[TimeControl "180+1"]
[EndTime "10:38:19 PDT"]
[Termination "Kildepiotr won by resignation"]

1. d4 c5 2. d5 e5 3. e4 d6 4. Nc3 Be7 5. g3 Bg5 6. Bg2 Bxc1 7. Qxc1 Ne7 8. Nf3 O-O 9. O-O Nd7 10. a4 h6 11. Nd2 f5 12. exf5 Nxf5 13. Nde4 Nf6 14. Qd1 Nd4 15. Nxf6+ Qxf6 16. Ne4 Qg6 17. c3 Bg4 18. f3 Qxe4 19. fxe4 Bxd1 20. Raxd1 Nb3 21. Rxf8+ Rxf8 22. Bf1 Kf7 23. Bc4 Na5 24. Ba2 c4 25. Kf2 Ke7+ 26. Ke3 a6 27. h3 g5 28. Bb1 h5 29. h4 g4 30. Ke2 Rf3 31. Rg1 b5 32.
axb5 axb5 33. Bc2 Nb7 34. Bd1 Nc5 35. Bc2 Kd7 36. Rg2 Kc7 37. Rg1 Kb6 38. Rg2 Ka5 39. Rg1 b4 40. Ra1+ Kb5 41. Rg1 b3 42. Bb1 Na4 0-1

[Event "*** SCC Grand Prix: Titled Tuesday Blitz"]
[Site "Chess.com"]
[Date "2020.07.07"]
[Round "4"]
[White "Aygehovit1992"]
[Black "turayev_shahruh17"]
[Result "0-1"]
[WhiteElo "2628"]
[BlackElo "2490"]
[TimeControl "180+1"]
[EndTime "10:38:21 PDT"]
[Termination "turayev_shahruh17 won by resignation"]

1. e4 e6 2. d4 d5 3. Nc3 Bb4 4. e5 Ne7 5. a3 Bxc3+ 6. bxc3 c5 7. h4 Qa5 8. Bd2 Nbc6 9. h5 h6 10. Qg4 Kf8 11. Rh3 Qa4 12. Qf4 Qxc2 13. Bd3 Qb2 14. Rb1 Qxa3 15. Rf3 Nd8 16. Ne2 b6 17. c4 Ba6 18. Bg6 Qa2 19. Nc3 Nxg6 20. hxg6 Qc2 21. gxf7 Bxc4 22. Rc1 Qg6 23. dxc5 bxc5 24. Ne2 Qxg2 25.
Ng3 Qg1+ 0-1

[Event "*** SCC Grand Prix: Titled Tuesday Blitz"]
[Site "Chess.com"]
[Date "2020.07.07"]
[Round "4"]
[White "Ole83"]
[Black "FMVolodymyrSakun"]
[Result "0-1"]
[WhiteElo "2319"]
[BlackElo "2510"]
[TimeControl "180+1"]
[EndTime "10:38:21 PDT"]
[Termination "FMVolodymyrSakun won on time"]

1. c4 Nf6 2. Nc3 g6 3. g3 Bg7 4. Bg2 O-O 5. e4 d6 6. Nge2 e5 7. O-O Nc6 8. d3 Ne8 9. Nd5 Ne7 10. Bg5 f6 11. Be3 c6 12. Nxe7+ Qxe7 13. d4 f5 14. Qd2 exd4 15. Bxd4 fxe4 16. Bxg7 Kxg7 17. Nc3 Nf6 18. Rae1 d5 19. cxd5 cxd5 20. Nxd5 Rd8 21. Nxe7 Rxd2 22.
Nxc8 Rxc8 0-1

[Event "*** SCC Grand Prix: Titled Tuesday Blitz"]
[Site "Chess.com"]
[Date "2020.07.07"]
[Round "4"]
[White "Chessmasterzt"]
[Black "TokChess"]
[Result "1-0"]
[WhiteElo "2610"]
[BlackElo "2405"]
[TimeControl "180+1"]
[EndTime "10:38:23 PDT"]
[Termination "Chessmasterzt won by resignation"]

1. d4 Nf6 2. Nf3 g6 3. c4 Bg7 4.
Nc3 d5 5. e3 O-O 6. Bd2 e6 7.
Rc1 b6 8. cxd5 exd5 9. Qb3 Bb7 10. Be2 Nc6 11. O-O Na5 12. Qc2 Rc8 13. Rfd1 Re8 14. Be1 Nc4 15. Nxd5 Bxd5 16. Bxc4 Bxf3 17. gxf3 Nd5 18.
Qb3 Qg5+ 19. Kh1 c6 20. f4 Qh5 21. Bf1 Nf6 22. Bg2 Ng4 23. h3 Qh4 24. Qc2 Nf6 25. Kg1 Re6 26. d5 1-0

[Event "*** SCC Grand Prix: Titled Tuesday Blitz"]
[Site "Chess.com"]
[Date "2020.07.07"]
[Round "4"]
[White "Nf3c5"]
[Black "dolynachess"]
[Result "1-0"]
[WhiteElo "2619"]
[BlackElo "2443"]
[TimeControl "180+1"]
[EndTime "10:38:25 PDT"]
[Termination "Nf3c5 won by resignation"]

1. e4 c5 2. b3 d6 3. Bb2 Nf6 4.
Nc3 Nc6 5. Bb5 Bd7 6. f4 e6 7.
Nf3 Nd4 8. Bxd7+ Qxd7 9. e5 dxe5 10. fxe5 Nxf3+ 11. Qxf3 Nd5 12. Ne4 Be7 13. O-O O-O 14. a3 f5 15. exf6 Nxf6 16. Qg3 Kh8 17. Ng5 Bd6 18. Qh3 h6 19. Bxf6 Rxf6 20. Rxf6 gxf6 21.
Qxh6+ Kg8 22. Qxf6 1-0

[Event "*** SCC Grand Prix: Titled Tuesday Blitz"]
[Site "Chess.com"]
[Date "2020.07.07"]
[Round "4"]
[White "DrVelja"]
[Black "Matveev_Vladimir"]
[Result "0-1"]
[WhiteElo "2781"]
[BlackElo "2550"]
[TimeControl "180+1"]
[EndTime "10:38:26 PDT"]
[Termination "Matveev_Vladimir won by checkmate"]

1. e4 d6 2. d4 g6 3. Nc3 Bg7 4. Be3 a6 5. Qd2 b5 6. f3 Bb7 7. O-O-O Nd7 8. h4 h5 9. Nh3 Rc8 10. Ng5 c5 11. dxc5 Nxc5 12. Kb1 Qa5 13. Bd4 Nf6 14. a3 O-O 15. e5 dxe5 16. Bxc5 Rxc5 17. b4 Qxa3 18. bxc5 e4 19. Na2 Nd5 20. Nxe4 f5 21. Qd3 Qb2# 0-1

[Event "*** SCC Grand Prix: Titled Tuesday Blitz"]
[Site "Chess.com"]
[Date "2020.07.07"]
[Round "4"]
[White "Korchmar_Vasiliy"]
[Black "amylazy"]
[Result "1-0"]
[WhiteElo "2615"]
[BlackElo "2438"]
[TimeControl "180+1"]
[EndTime "10:38:26 PDT"]
[Termination "Korchmar_Vasiliy won by resignation"]

1. d4 Nf6 2. c4 g6 3. Nc3 d5 4.
Nf3 Bg7 5. Bf4 O-O 6. e3 c5 7. dxc5 Qa5 8. Rc1 dxc4 9. Bxc4 Qxc5 10. Bb3 Nc6 11. O-O Qa5 12. h3 Qh5 13. Qe2 e5 14. Bh2 e4 15. Nd4 Nxd4 16. Qxh5 Nf3+ 17. gxf3 Nxh5 18.
fxe4 Bxh3 19. Rfd1 Bg4 20. Rd2 Bf3 21. Rd7 Rac8 22. Bd6 Rfd8 23. Rxf7 Kh8 24. e5 b5 25. Rxf3 a5 26. Ne2 Rxc1+ 27. Nxc1 a4 28. Be6 h6 29. Nd3 g5 30. Nc5 1-0

[Event "*** SCC Grand Prix: Titled Tuesday Blitz"]
[Site "Chess.com"]
[Date "2020.07.07"]
[Round "4"]
[White "Harry_Rakkel"]
[Black "killer311"]
[Result "1/2-1/2"]
[WhiteElo "2563"]
[BlackElo "2391"]
[TimeControl "180+1"]
[EndTime "10:38:28 PDT"]
[Termination "Game drawn by repetition"]

1. e4 c6 2. Nf3 d5 3. d3 dxe4 4. dxe4 Qxd1+ 5. Kxd1 Nf6 6. Nfd2 g6 7. a4 Bg7 8. a5 Nbd7 9. f3 Ne5 10. Nc4 Nfd7 11.
Nbd2 Nxc4 12. Nxc4 Ne5 13. Nxe5 Bxe5 14. c3 Be6 15. Kc2 O-O-O 16. Be3 a6 17. f4 Bc7 18. Be2 f5 19. e5 Bd5 20. Bf3 Bxf3 21. gxf3 Rd5 22. b4 Rhd8 23. Bd4 Kd7 24. Kd3 Ke6 25. Kc4 R8d7 26. h4 h5 27. Rag1 Kf7 28. Rg2 Rd8 29. Rhg1 Rg8 30. Bc5 e6 31. Bd4 Bd8 32. Rh1 Be7 33. Rb2 Rgd8 34. Rhh2 R5d7 35. Rh1 Rd5 36. Rhh2 R5d7 37. Rh1 Rd5 1/2-1/2

[Event "*** SCC Grand Prix: Titled Tuesday Blitz"]
[Site "Chess.com"]
[Date "2020.07.07"]
[Round "4"]
[White "ShahMatKanal"]
[Black "elamier"]
[Result "1/2-1/2"]
[WhiteElo "2494"]
[BlackElo "2307"]
[TimeControl "180+1"]
[EndTime "10:38:28 PDT"]
[Termination "Game drawn by agreement"]

1. e4 c5 2. Nc3 e6 3. d4 cxd4 4. Qxd4 Nc6 5. Qd3 Nf6 6. a3 Bc5 7. Be3 Bxe3 8. Qxe3 d5 9. exd5 Nxd5 10. Nxd5 Qxd5 11.
Nf3 O-O 12. Rd1 Qa5+ 13. Qd2 Qxd2+ 14. Rxd2 e5 15. Bb5 f6 16. h3 Bf5 17. O-O Rfd8 18. Rfd1 Rxd2 19. Rxd2 Rd8 20. Bxc6 Rxd2 21. Nxd2 bxc6 22.
c3 Bd3 23. f3 f5 24. Kf2 f4 25. g3 Kf7 26. h4 Ke6 27. g4 Kd6 28. Nb3 c5 29. Nd2 c4 30. h5 a5 31. Kg2 a4 32.
Ne4+ Bxe4 33. fxe4 g6 34. hxg6 hxg6 35. g5 Kc6 36.
Kf3 Kc5 37. Kf2 Kc6 38. Kf3 Kc5 39. Kf2 1/2-1/2

[Event "*** SCC Grand Prix: Titled Tuesday Blitz"]
[Site "Chess.com"]
[Date "2020.07.07"]
[Round "4"]
[White "Konek-Gorbunok"]
[Black "crazychessbr"]
[Result "1-0"]
[WhiteElo "2288"]
[BlackElo "2070"]
[TimeControl "180+1"]
[EndTime "10:38:30 PDT"]
[Termination "Konek-Gorbunok won by resignation"]

1. d4 Nf6 2. Nf3 g6 3. c4 Bg7 4. Nc3 O-O 5. e4 d6 6. Be2 Nc6 7. d5 Nb8 8. O-O e5 9. Be3 a5 10. Ne1 Na6 11. Nd3 b6 12. f3 Nc5 13. a3 Ba6 14. b4 Nxd3 15. Bxd3 Nh5 16. bxa5 bxa5 17. c5 Bxd3 18. Qxd3 Nf4 19. Qc2 Qg5 20. Kh1 Qe7 21.
Nb5 a4 22. Rfc1 Ra6 23. Rab1 Bh6 24. g3 Qf6 25. gxf4 exf4 26. Bd4 Qh4 27. Nxc7 Qh3 28.
Qg2 1-0

[Event "*** SCC Grand Prix: Titled Tuesday Blitz"]
[Site "Chess.com"]
[Date "2020.07.07"]
[Round "4"]
[White "bratkoo"]
[Black "Bigfish1995"]
[Result "0-1"]
[WhiteElo "2449"]
[BlackElo "3046"]
[TimeControl "180+1"]
[EndTime "10:38:33 PDT"]
[Termination "Bigfish1995 won by checkmate"]

1. e4 c5 2. Nf3 d6 3. d4 cxd4 4. Nxd4 Nf6 5. Nc3 a6 6. f3 g6 7.
Be3 Bg7 8. Qd2 h5 9. O-O-O Nbd7 10. Kb1 Qc7 11. Be2 b5 12. Rhe1 Bb7 13. Bg5 Rc8 14. a3 O-O 15. h4 e6 16. Ndxb5 axb5 17. Nxb5 Qb8 18. Nxd6 Rc7 19. Qb4 Bc6 20. Bb5 Bxb5 21.
Nxb5 Rb7 22. a4 Rc8 23. Be3 Bf8 24. Qd2 Nc5 25. Bxc5 Bxc5 26. e5 Nd5 27. g4 Qa8 28. Re4 Rd8 29. Qg5 Rxb5 30. axb5 Nc3+ 31. bxc3 Rxd1+ 32. Kb2 Qa3# 0-1